 Dungeon Crawl Stone Soup version 0.31-a0-825-gf28bc0971e (webtiles) character file.

Game seed: 7054413419483120493

50 qw the Shooter (level 3, -4/22 HPs)
             Began as a Gargoyle Hunter on Sept 23, 2023.
             Slain by a gnoll
             ... wielding a +0 spear
             ... led by a gnoll bouda
              (6 damage)
             ... on level 3 of the Dungeon.
             The game lasted 00:00:20 (941 turns).

qw the Shooter (Gargoyle Hunter)                     Turns: 941, Time: 00:00:21

Health: -4/22      AC:  6    Str: 14    XL:     3   Next: 79%
Magic:  3/3        EV: 11    Int:  9    God:
Gold:   87         SH:  0    Dex: 15    Spells: 2/2 levels left

rFire   + . .        Y - +0 shortbow
rCold   + . .        (shield currently unavailable)
rNeg    + . .        c - +0 leather armour
rPois   inf          (no helmet)
rElec   +            e - scarf {rC+ rF+}
rCorr   .            (no gloves)
SInv    .            (no boots)
Will    .....        (no amulet)
Stlth   ++           (no ring)
HPRegen 0.23/turn    (no ring)
MPRegen 0.08/turn

%: no passive effects
@: no status effects
A: sickness immunity, AC +3, negative energy resistance 1, electricity
resistance, torment resistance 1, petrification resistance
a: no special abilities


You were on level 3 of the Dungeon.
You visited 1 branch of the dungeon, and saw 3 of its levels.

You collected 87 gold pieces.


Innate Abilities, Weirdness & Mutations

You are immune to sickness and miasma.
Your stone body is resilient. (AC +3)
You are immune to poison.
You resist negative energy. (rN+)
You are resistant to electric shocks. (rElec)
You are resistant to unholy torment.
You are immune to petrification.


   Skills:
 + Level 2.7 Fighting
 - Level 5.1 Ranged Weapons
 - Level 1.5 Dodging
 - Level 1.1 Stealth


You had 2 spell levels left.
You didn't know any spells.
Your spell library was empty.

Inventory:

Hand Weapons
 Y - a +0 shortbow (weapon)
Armour
 a - a +0 ring mail
 c - a +0 leather armour (worn)
 e - a scarf of resistance (worn)
Scrolls
 b - a scroll of amnesia {unknown}
Potions
 d - a potion of attraction {unknown}
 g - 2 potions of curing {unknown}

Dungeon Overview and Level Annotations

Branches:
Dungeon (2/15)

Altars:


Message History

932 |||
Found retreat position at -1,0 (floor) with 0 blocking monsters and 2 monsters attacking at destination at distance 1
932 ||| Stepping ~*~*~tactically~*~*~ (retreating).
The gnoll attacks as it pursues you! The gnoll barely misses you. x2
You shoot an arrow. The arrow hits the gnoll.
The gnoll is lightly wounded.
The gnoll bouda barks out a call to the hunt!
The gnoll hits you with a +0 whip.
You shoot an arrow. The arrow hits the gnoll!
The gnoll is severely wounded.
The gnoll misses you. The gnoll hits you with a +0 whip.
You shoot an arrow. The arrow barely misses the gnoll.
The arrow hits the orc.
The orc is moderately wounded.
The gnoll hits you but does no damage. The gnoll closely misses you.
You shoot an arrow. The arrow hits the gnoll!
You kill the gnoll!
The orc misses you.
You shoot an arrow. The arrow hits the orc.
You kill the orc!
The gnoll misses you.
You shoot an arrow. The arrow closely misses the gnoll.
The arrow hits the gnoll.
The gnoll is moderately wounded.
The gnoll barely misses you.
The gnoll bouda calls upon its god to heal the gnoll.
The gnoll's wounds heal themselves!
You shoot an arrow.
The arrow hits the gnoll but does no damage.
The gnoll hits you but does no damage.
You shoot an arrow.
The arrow completely misses the gnoll bouda.
The arrow hits the gnoll but does no damage.
The gnoll barely misses you.
The gnoll bouda hits you with a +0 club.
The gnoll barely misses you.
The gnoll bouda hits you with a +0 club!
You shoot an arrow. The arrow hits the gnoll bouda.
The gnoll bouda is moderately wounded.
The gnoll is no longer moving quickly.
The gnoll hits you from afar with a +0 spear.
You die... ..o ## ooo

... %. #.# ##.. ...
####g##... ....
....#..# ....
#>.g.# ...
#oo####### #.#
####go......##..#
#.@ggg..[...#..##
##########......###
####........ #~
#.....##.#..
##~#...###.......
#.~..# #........#
.~..###.##....##
.~...#..#...###.
#....[........


You could see a gnoll bouda, 3 gnolls and 2 orcs.

Vanquished Creatures
  A gnoll (D:3)
  2 adders
  An orc (D:3)
  4 bats (D:1)
  An endoplasm (D:1)
  A giant cockroach (D:1)
  A goblin (D:1)
  A hobgoblin (D:1)
  A kobold (D:3)
  A quokka (D:1)
  6 ball pythons
  2 frilled lizards
  2 rats (D:1)
24 creatures vanquished.

Notes
Turn   | Place    | Note
-------+----------+-------------------------------------------
     0 | D:1      | qw the Gargoyle Hunter began the quest for the Orb.
     0 | D:1      | Reached XP level 1. HP: 12/12 MP: 1/1
     0 | D:1      | 0 ||| qw: Version: 0.3-a-83-gcd0e7d8
     0 | D:1      | 0 ||| qw: Game counter: 1816
     0 | D:1      | 0 ||| qw: Melee chars always use a shield: true
     0 | D:1      | 0 ||| qw: God list: Okawaru
     0 | D:1      | 0 ||| qw: Allow faded altars: false
     0 | D:1      | 0 ||| qw: Do Orc after clearing Dungeon:15 true
     0 | D:1      | 0 ||| qw: Do second Lair branch before Depths: true
     0 | D:1      | 0 ||| qw: Lair rune preference: random
     0 | D:1      | 0 ||| qw: Goals: Normal
     0 | D:1      | 0 ||| PLANNING D:1-11
    74 | D:1      | 74 ||| DROPPING scroll of butterflies.
    79 | D:1      | Found a faded altar of an unknown god.
   160 | D:1      | Reached XP level 2. HP: 17/17 MP: 2/2
   772 | D:1      | 772 ||| UPGRADING to scarf of resistance.
   777 | D:1      | 777 ||| READING scroll labelled DAELIG NOISM.
   778 | D:1      | 778 ||| READING scroll labelled LITOSHR OVVUURGH.
   779 | D:1      | 779 ||| READING scroll labelled TOIHEGR JOOM.
   803 | D:2      | Reached XP level 3. HP: 21/21 MP: 3/3
   883 | D:2      | You fall into a shaft and drop 1 floor!
   894 | D:3      | Reached skill level 5 in Ranged Weapons
   926 | D:3      | 926 ||| RETREEAATING.
   927 | D:3      | 927 ||| STILL RETREEAATING.
   928 | D:3      | 928 ||| STILL RETREEAATING.
   929 | D:3      | 929 ||| RETREEAATING.
   930 | D:3      | 930 ||| STILL RETREEAATING.
   931 | D:3      | 931 ||| Stepping ~*~*~tactically~*~*~ (retreating).
   932 | D:3      | 932 ||| Stepping ~*~*~tactically~*~*~ (retreating).
   940 | D:3      | HP: 2/22 [gnoll bouda/+0 club (7)]
   941 | D:3      | Slain by a gnoll

Levels and vault maps discovered:
D:1:      minmay_arrival_loop, layout_basic, shapermc_ecumenical_altar_pompeii
D:2:      layout_loops_ring, minmay_pentomino_x2
D:3:      layout_rooms, serial_rivers, chequers_serial_rivers_micro_a,
          chequers_serial_rivers_small_3, chequers_serial_rivers_room_a,
          chequers_serial_rivers_small_3, chequers_serial_rivers_micro_b,
          chequers_serial_rivers_micro_b, kennysheep_generic_room_2,
          uniq_sigmund

Skill      XL: |  1  2  3 |
---------------+----------+-----
Ranged Weapons | 5 |  5.1
Fighting       | |  2.7
Dodging        | |  1.5
Stealth        | |  1.1

Action                     || total
---------------------------++-------
   Fire: Shortbow          ||    77
    Use: Scroll            ||     3
 Armour: Leather armour    ||    37
  Dodge: Dodged            ||    51

Table legend:
 A = Non-vault XP
 B = Vault XP
 C = Vault XP percentage of total XP
 D = Non-vault monster count
 E = Vault monster count
 F = Vault count percentage of total count
                 A         B        C        D         E       F
            +---------+---------+-------+---------+---------+-------
      Total |      59 |      13 |  18.1 |      23 |       1 |   4.2
            +---------+---------+-------+---------+---------+-------
        D:1 |      25 |       0 |   0.0 |      17 |       0 |   0.0
        D:2 |       0 |      13 | 100.0 |       0 |       1 | 100.0
        D:3 |      34 |       0 |   0.0 |       6 |       0 |   0.0
            +---------+---------+-------+---------+---------+-------
